 Dungeon Crawl Stone Soup version 0.23-a0-805-gc1268f8 (webtiles) character file.

1787 Hydrazoo the Changer (level 9, -9/62 HPs)
             Began as an Octopode Transmuter on Jan 19, 2019.
             Was an Initiate of Makhleb.
             Mangled by Harold
             ... wielding a +0 glaive
              (19 damage)
             ... on level 7 of the Dungeon on Jan 20, 2019.
             The game lasted 00:20:35 (8283 turns).

Hydrazoo the Changer (Octopode Transmuter)          Turns: 8283, Time: 00:20:36

Health: -9/62      AC:  2    Str: 14    XL:     9   Next: 8%
Magic:  7/12       EV: 22    Int: 17    God:    Makhleb [......]
Gold:   308        SH:  0    Dex: 19    Spells: 8/12 levels left

rFire    . . .     SeeInvis .     - Unarmed
rCold    . . .     Gourm    .   (shield currently unavailable)
rNeg     . . .     Faith    .   (helmet currently unavailable)
rPois    x         Spirit   .   (no amulet)
rElec    .         Reflect  .   j - ring of protection from magic
rCorr    +         Harm     .   g - +1 ring of evasion
MR       +....                  p - +3 ring of slaying
Stlth    ++........             (no ring)
HPRegen  0.20/turn              r - ring of resist corrosion
MPRegen  0.13/turn              (no ring)
                                (no ring)
                                (no ring)

@: mighty, spider-form, marked, very slightly contaminated
A: tiny, almost no armour, stealthy swim, (amphibious), 8 rings, (constrict 8)
a: End Transformation, Renounce Religion


You were on level 7 of the Dungeon.
You worshipped Makhleb.
Makhleb was noncommittal.
You were very hungry.
You were a venomous arachnid creature.
You visited 2 branches of the dungeon, and saw 8 of its levels.

You collected 308 gold pieces.

Inventory:

Missiles
 a - 35 arrows
Jewellery
 g - a +1 ring of evasion (right front leg)
 j - a ring of protection from magic (left front leg)
 n - an uncursed ring of fire
 p - a +3 ring of slaying (on tentacle)
 r - a ring of resist corrosion (on tentacle)
Wands
 q - a wand of iceblast (8)
Scrolls
 b - 2 scrolls of identify {unknown}
 c - a scroll of fear
 d - a scroll of magic mapping {unknown}
 e - 2 scrolls of teleportation
 h - a scroll of blinking {unknown}
 i - a scroll of random uselessness {unknown}
 m - a scroll of remove curse {unknown}
Potions
 k - a potion of resistance {unknown}
 l - a potion of magic {unknown}
Comestibles
 f - 7 rations


   Skills:
 + Level 5.9 Fighting
 - Level 3.0 Dodging
 + Level 6.2 Unarmed Combat
 - Level 2.0 Spellcasting
 * Level 7.3 Transmutations
 - Level 1.5 Poison Magic
 + Level 2.5 Invocations


You had 8 spell levels left.
You knew the following spells:

 Your Spells              Type           Power        Failure   Level  Hunger
a - Beastly Appendage     Tmut           ####..       4%          1    #......
b - Spider Form           Tmut/Pois      ###.......   24%         3    ###....

Your spell library contained the following spells:

 Spells                   Type           Power        Failure   Level  Hunger
 Sticks to Snakes         Tmut           ####....     6%          2    ###....
 Blade Hands              Tmut           ####......   47%         5    ######.
 Ice Form                 Ice/Tmut       ##......     61%         4    #####..


Dungeon Overview and Level Annotations

Branches:
Dungeon (7/15)             Temple (1/1) D:6

Altars:
Ashenzari
Cheibriados
Dithmenos
Elyvilon
Fedhas
Gozag
Hepliaklqana
Kikubaaqudgha
Makhleb
Qazlal
Ru
Trog
Uskayaw
Vehumet
Wu Jian
Xom
Yredelemnul
Zin
The Shining One

Shops:
D:4 :   D:5 %   D:7 !

Annotations:
D:5 3 runed doors, confidenceinterval's ghost, novice GnTm
D:6 exclusion: 9 doors
D:7 Harold


Innate Abilities, Weirdness & Mutations

You cannot wear most types of armour.
You are very stealthy in the water. (Stealth+)
((You are amphibious.))
You can wear up to eight rings at the same time.
((You can use your tentacles to constrict eight enemies at once.))
((Your skin changes colour to match your surroundings (Stealth+).))
((Your rubbery body absorbs attacks. (AC +1, EV +1)))


Message History

Harold is lightly wounded.
Harold barely misses you.
You bite Harold!
Harold is moderately wounded.
You hit Harold.
Harold is heavily wounded.
Harold hits you with a +0 glaive!!
* * * LOW HITPOINT WARNING * * *
You are too injured to fight recklessly!
Okay, then.
You bite Harold!
Harold is heavily wounded.
Harold hits you with a +0 glaive!
* * * LOW HITPOINT WARNING * * *
You hit Harold.
Harold is poisoned.
Harold is severely wounded.
You hit Harold.
Harold is severely wounded.
Harold hits you with a +0 glaive!!
You die...

.# .# .# ######+### .#
#........# .#
#........# .#
#........#+###+### .#
#................# .#
##..........@.....# .#
...........s......# .#
.#####'##........# .#
#.##........# .#
#.##........# .#
#.##........# .##....
#.###########
.##....#####.#
..+....+....>#########
..°....##.............


You could see Harold.

Vanquished Creatures
  A hippogriff (D:7)
  Sigmund (D:6)
  Menkaure (D:7)
  An ogre (D:7)
  A sky beast (D:5)
  2 phantoms
  A scorpion (D:6)
  4 crimson imps
  A jelly (D:7)
  A bullfrog zombie (D:5)
  A centaur zombie (D:7)
  4 hounds
  2 bullfrog skeletons
  3 centaur skeletons
  An iguana (D:5)
  5 worker ants
  2 worker ant zombies
  7 adders
  7 gnolls
  2 shadow imps
  An ooze (D:2)
  An adder skeleton (D:3)
  5 worms
  2 dart slugs
  3 leopard geckos
  2 orcs
  5 giant cockroaches
  5 hobgoblins
  14 jackals
  11 kobolds
  4 quokkas
  A ball python (D:2)
  7 bats
  2 frilled lizards
  2 giant cockroach zombies
  7 goblins
  A jackal skeleton (D:6)
  A jackal zombie (D:3)
  A leopard gecko zombie (D:3)
  2 quokka skeletons
  3 rats (D:1)
128 creatures vanquished.

Notes
Turn   | Place    | Note
-------+----------+-------------------------------------------
     0 | D:1      | Hydrazoo the Octopode Transmuter began the quest for the
                  | Orb.
     0 | D:1      | Reached XP level 1. HP: 13/13 MP: 3/3
     2 | D:1      | Noticed a naga
     2 | D:1      | Noticed a felid
     4 | D:1      | Noticed a spriggan
     4 | D:1      | Noticed a demigod
     6 | D:1      | Noticed an octopode
     8 | D:1      | Noticed a vampire
     8 | D:1      | Noticed a halfling
    10 | D:1      | Noticed a draconian
    10 | D:1      | Noticed a dwarf
    12 | D:1      | Noticed a vine stalker
    12 | D:1      | Noticed a centaur
    16 | D:1      | Noticed a human
    16 | D:1      | Noticed a demonspawn
    18 | D:1      | Noticed a ghoul
    18 | D:1      | Noticed a merfolk
    20 | D:1      | Noticed an ogre
    20 | D:1      | Noticed a minotaur
    22 | D:1      | Noticed a troll
    24 | D:1      | Noticed an elf
    24 | D:1      | Noticed a tengu
    26 | D:1      | Noticed a formicid
    26 | D:1      | Noticed a gargoyle
   276 | D:1      | Reached XP level 2. HP: 16/18 MP: 5/5
  1109 | D:2      | Reached XP level 3. HP: 12/23 MP: 6/6
  1550 | D:2      | Learned a level 3 spell: Spider Form
  1912 | D:2      | Reached XP level 4. HP: 28/29 MP: 7/7
  2044 | D:2      | Reached skill level 1 in Poison Magic
  2813 | D:3      | You fall through a shaft!
  2813 | D:4      | Found an ornate altar of the Wu Jian Council.
  2819 | D:4      | Found Wuoxuvu's Book Shoppe.
  2916 | D:3      | Reached XP level 5. HP: 13/34 MP: 0/8
  2924 | D:3      | Reached skill level 3 in Transmutations
  3772 | D:3      | Found a shadowy altar of Dithmenos.
  3917 | D:4      | Reached XP level 6. HP: 40/41 MP: 3/9
  3959 | D:4      | Noticed a phantom
  4010 | D:4      | Killed a phantom
  4010 | D:4      | Reached skill level 4 in Transmutations
  4819 | D:5      | Entered Level 5 of the Dungeon
  4836 | D:5      | Reached XP level 7. HP: 30/46 MP: 7/10
  5140 | D:5      | Reached skill level 5 in Transmutations
  5154 | D:5      | Reached skill level 5 in Unarmed Combat
  5432 | D:5      | Found Unisk's Food Emporium.
  5659 | D:5      | Found a runed gate.
  5659 | D:5      | Found a runed gate.
  5659 | D:5      | Found a runed gate.
  5719 | D:5      | Noticed confidenceinterval's ghost (novice GnTm)
  6079 | D:6      | Reached XP level 8. HP: 54/54 MP: 7/11
  6302 | D:6      | Found a staircase to the Ecumenical Temple.
  6434 | Temple   | Entered the Ecumenical Temple
  6657 | D:6      | Noticed Sigmund
  6664 | D:6      | Killed Sigmund
  6664 | D:6      | Reached skill level 5 in Fighting
  6664 | D:6      | Reached skill level 6 in Transmutations
  6783 | D:6      | Noticed a deep elf mage
  6991 | D:6      | Found a burning altar of Makhleb.
  6999 | D:6      | Found a hazy altar of Hepliaklqana.
  7010 | D:6      | Became a worshipper of Makhleb the Destroyer
  7019 | D:6      | Found a hide-covered altar of Uskayaw.
  7261 | D:7      | Noticed Menkaure
  7277 | D:7      | Killed Menkaure
  7277 | D:7      | Reached skill level 1 in Invocations
  7688 | D:7      | Found Lizeorpho's Distillery.
  7689 | D:7      | Found a radiant altar of Vehumet.
  7804 | D:7      | Found an ancient bone altar of Kikubaaqudgha.
  7819 | D:7      | Noticed a hippogriff
  7835 | D:7      | Killed a hippogriff
  7835 | D:7      | Reached skill level 7 in Transmutations
  7841 | D:7      | Reached XP level 9. HP: 38/62 MP: 10/12
  8268 | D:7      | Noticed Harold
  8283 | D:7      | Mangled by Harold

Vault maps used:
D:1:      kb_arrival_jail
D:2:      minivault_26, hex_intersection
D:3:      old_standard_altar, first_ration, serial_undead, serial_undead_e,
          serial_undead_e, serial_undead_d, serial_undead_f
D:4:      overflow_temple_1_default, serial_shops, kennysheep_mini
D:5:      serial_shops, shop, gammafunk_ghost_necromancy, minmay_bent
D:6:      minmay_overflow_temple_star_quad, minmay_temple_entry_waves,
          grunt_decor_mini_mirrors, guppyfry_early_elven_hall, uniq_sigmund
D:7:      lemuel_blue_sif_altar, fiery_altar_vehumet, serial_shops,
          nicolae_shop_trees, basic_altar, okawaru_trees_1, uniq_harold,
          uniq_menkaure
Temple:   nicolae_temple_figure_eight

Skill      XL: |  1  2  3  4  5  6  7  8 |
---------------+-------------------------+-----
Poison Magic   | 1 |  1.5
Fighting       | 2 3 4 5 |  5.9
Unarmed Combat | 4 5 6 |  6.2
Transmutations | 3 4 5 7 |  7.3
Dodging        | 3 |  3.0
Invocations    | 2 |  2.5
Spellcasting   | |  2.0

Action                   |  1- 3 |  4- 6 |  7- 9 || total
-------------------------+-------+-------+-------++-------
Melee: Unarmed           |    98 |   148 |   193 ||   439
       Constrict         |    23 |     9 |    13 ||    45
       Tentacles         |    10 |     8 |    10 ||    28
       Kick              |     4 |       |       ||     4
       Punch             |       |       |     4 ||     4
 Cast: Beastly Appendage |     5 |     1 |       ||     6
       Spider Form       |     1 |    15 |    16 ||    32
  Use: Potion            |       |     2 |     5 ||     7
       Scroll            |       |     1 |     1 ||     2
 Stab: Sleeping          |     7 |     2 |     2 ||    11
  Eat: Chunk             |     2 |     6 |     9 ||    17
       Ration            |       |     2 |     1 ||     3
Armor: Skin              |     9 |    21 |     7 ||    37
Dodge: Dodged            |    69 |   145 |   146 ||   360

Table legend:
 A = Non-vault XP
 B = Vault XP
 C = Vault XP percentage of total XP
 D = Non-vault monster count
 E = Vault monster count
 F = Vault count percentage of total count
                 A         B        C        D         E       F
            +---------+---------+-------+---------+---------+-------
      Total |    1770 |     784 |  30.7 |     113 |      15 |  11.7
            +---------+---------+-------+---------+---------+-------
        D:1 |      30 |       0 |   0.0 |      19 |       0 |   0.0
        D:2 |     104 |       0 |   0.0 |      27 |       0 |   0.0
        D:3 |      90 |      43 |  32.3 |      12 |       5 |  29.4
        D:4 |     319 |       0 |   0.0 |      11 |       0 |   0.0
        D:5 |     231 |     338 |  59.4 |      12 |       8 |  40.0
        D:6 |     345 |     220 |  38.9 |      18 |       1 |   5.3
        D:7 |     651 |     183 |  21.9 |      14 |       1 |   6.7
            +---------+---------+-------+---------+---------+-------
